 Dungeon Crawl Stone Soup version 0.22-a0-353-g2d6336e (webtiles) character file.

49 zhorgal the Ruffian (level 3, 0/31 HPs)
             Began as a Ghoul Monk on Apr 15, 2018.
             Slain by an orc
             ... wielding a +0 club
              (3 damage)
             ... on level 2 of the Dungeon.
             The game lasted 00:04:08 (897 turns).

zhorgal the Ruffian (Ghoul Monk)                     Turns: 897, Time: 00:04:09

Health: 0/31       AC:  3    Str: 15    XL:     3   Next: 75%
Magic:  2/2        EV: 12    Int:  5    God:
Gold:   71         SH:  3    Dex: 11    Spells: 2/2 levels left

rFire    . . .     SeeInvis .     - Unarmed
rCold    + . .     Gourm    .   d - +0 buckler
rNeg     + + +     Faith    .   a - +0 robe
rPois    ∞         Spirit   .   (no helmet)
rElec    .         Reflect  .   (no cloak)
rCorr    .         Harm     .   (no gloves)
MR       .....                  h - +0 pair of boots
Stlth    ++........             (no amulet)
HPRegen  0.00/turn              (no ring)
MPRegen  0.08/turn              (no ring)

@: rotting
A: rotting body, claws 1, carnivore, cold resistance 1, negative energy
resistance 3, inhibited regeneration, torment resistance, unbreathing
a: no special abilities


You were on level 2 of the Dungeon.
You were not hungry.

You visited 1 branch of the dungeon, and saw 2 of its levels.

You collected 71 gold pieces.

Inventory:

Missiles
 f - 35 stones (quivered)
Armour
 a - a +0 robe (worn)
 d - a +0 buckler (worn)
 h - a +0 pair of boots (worn)
Scrolls
 c - a scroll of identify {unknown}
 e - a scroll of amnesia {unknown}
 i - a scroll of remove curse {unknown}
 j - a scroll of fog {unknown}
Comestibles
 b - 2 rations
 g - 5 chunks of flesh


   Skills:
 + Level 3.5 Fighting
 - Level 2.6 Dodging
 - Level 2.1 Stealth
 * Level 4.9 Unarmed Combat


You had 2 spell levels left.
You didn't know any spells.

Dungeon Overview and Level Annotations

Branches:
Dungeon (2/15)

Altars:


Innate Abilities, Weirdness & Mutations

Your body is rotting away.
You thrive on raw meat.
You are immune to poison.
You have sharp fingernails.
You are carnivorous and can eat meat at any time.
Your flesh is cold resistant. (rC+)
You are immune to negative energy. (rN+++)
You do not regenerate when monsters are visible.
You are immune to unholy pain and torment.
You can survive without breathing.


Message History

You take 2 damage, and have 16/31 hp.
Your shield prevents you from hitting the orc wizard.
The orc wizard hits you but does no damage.
You closely miss the orc wizard.
The orc wizard gestures at you while chanting.
The puff of frost hits you! You resist. The orc hits you but does no damage.
The orc wizard hits you with a dagger.
You take 6 damage, and have 10/31 hp.
You scratch the orc wizard. The orc priest barely misses you.
The orc hits you with a club.
* * * LOW HITPOINT WARNING * * *
The orc wizard hits you but does no damage.
You take 6 damage, and have 4/31 hp.
Eat one of 6 chunks of flesh? (ye/n/q)
You eat one of the 6 chunks of flesh.
This raw flesh tastes great!
The orc wizard points at you and mumbles some strange words.
The puff of flame misses you. The orc priest hits you.
* * * LOW HITPOINT WARNING * * *
The orc hits you with a club.
You die...

#..# ..# #
#.# .#
####.##.
...... .#
#..####...##
#..o%.......
#.oo#.......
#.o@#o8o..8.
#...#.......
#...#.......
#...#.......
#...#.8ooo8.
#...#.......
#...# .
#...## $⌠$#
######
#....#######


You could see an orc priest, an orc wizard and 2 orcs.

Vanquished Creatures
  An adder (D:2)
  An ooze (D:1)
  A leopard gecko (D:1)
  An orc (D:2)
  3 giant cockroaches
  3 goblins
  3 hobgoblins (D:1)
  2 kobolds (D:1)
  5 bats
  5 frilled lizards
  10 rats
35 creatures vanquished.

Vanquished Creatures (others)
  7 toadstools (D:1)
7 creatures vanquished.

Grand Total: 42 creatures vanquished

Notes
Turn   | Place    | Note
-------+----------+-------------------------------------------
     0 | D:1      | zhorgal the Ghoul Monk began the quest for the Orb.
     0 | D:1      | Reached XP level 1. HP: 19/19 MP: 0/0
   116 | D:1      | Reached XP level 2. HP: 21/26 MP: 1/1
   142 | D:1      | Reached skill level 4 in Unarmed Combat
   483 | D:1      | Reached XP level 3. HP: 27/31 MP: 2/2
   897 | D:2      | Slain by an orc

Vault maps used:
D:1:      nagdon_arrival_double_spiral, minivault_24
D:2:      cheibrodos_pilgrimage, grunt_ministairs_9,
          minmay_randomly_rotated_circles

Skill      XL: |  1  2 |
---------------+-------+-----
Unarmed Combat | 4 |  4.9
Fighting       | |  3.5
Dodging        | |  2.6
Stealth        | |  2.1

Action                   || total
-------------------------++-------
Melee: Unarmed           ||   108
 Stab: Sleeping          ||     2
  Eat: Chunk             ||    12
Armor: Robe              ||    29
Dodge: Dodged            ||    78
Block: Buckler           ||    18

Table legend:
 A = Spawn XP
 B = Non-spawn XP
 C = Spawn XP percentage of total XP
 D = Spawn monster count
 E = Non-spawn monster count
 F = Spawn count percentage of total count
 G = Total turns spent on level
                    A         B        C        D         E        F      G
               +---------+---------+-------+---------+---------+-------+---------
         Total |       0 |      70 |   0.0 |       0 |      35 |   0.0 |   897
               +---------+---------+-------+---------+---------+-------+---------
           D:1 |       0 |      42 |   0.0 |       0 |      24 |   0.0 |   757
           D:2 |       0 |      28 |   0.0 |       0 |      11 |   0.0 |   140
               +---------+---------+-------+---------+---------+-------+---------
